Map: 포트 알렉산더 - 래더

Players

Zest - Winner!

  • Race: Protoss Protoss
  • League: Master
  • Spawn Location: 5:00

TSGSolar (Solar)

  • Race: Zerg Zerg
  • League: Master
  • Spawn Location: 11:00

Event: IEM Season 13 - Katowice Server Qualifiers Asia 2

VOD

Have the link to the VOD?

Description

Time

  • Played on: Jan. 22, 2019, 7:19 a.m.
  • Length: 11:10

All games in this series

Show
View Real Time Build Order
Export as new Build Order

Zest Protoss - Winner!

Build Orders: 1 Gate Expand, Archon Immortal, Archon Drop, Dark Templar Rush 

Get SALT Encoding   

  12  0:00  Probe  
  13  0:13  Probe  
  14  0:18  Pylon  
  14  0:24  Probe  
  15  0:32  Probe  
  15  0:39  Gateway  
  15  0:40  Probe  
  16  0:48  Assimilator  
  17  0:51  Probe  
  18  1:03  Probe  
  19  1:15  Probe  
  20  1:25  Nexus  
  20  1:35  Cybernetics Core  
  20  1:39  Probe  
  21  1:45  Assimilator  
  21  1:51  Probe  
  21  1:52  Pylon  
  22  2:02  Adept  
  22  2:03  Probe  
  23  2:15  Probe  
  26  2:25  Warp Gate  
  26  2:27  Probe, Stalker  
  29  2:34  Probe, Twilight Council  
  29  2:35  Probe  
  29  2:42  Probe  
  29  2:43  Probe  
  33  2:55  Robotics Facility  
  33  2:58  Probe  
  34  3:03  Probe  
  35  3:10  Probe  
  36  3:15  Probe  
  36  3:19  Dark Shrine  
  37  3:27  Gateway  
  37  3:31  Warp Prism  
  37  3:36  Gateway  
  37  3:38  Gateway  
  37  3:39  Probe  
  38  3:45  Probe  
  41  3:51  Probe  
  41  3:53  Pylon  
  41  3:55  Assimilator  
  42  3:57  Assimilator  
  42  3:59  Probe  
  43  4:03  Probe  
  43  4:06  Warp Prism  
  43  4:07  Pylon  
  44  4:15  Probe  
  47  4:20  Probe  
  48  4:28  Probe  
  49  4:34  Dark Templar x3  
  49  4:37  Dark Templar  
  57  4:43  Probe x2  
  59  4:46  Pylon  
  59  4:48  Archon  
  59  4:50  Archon  
  59  4:53  Pylon  
  59  4:55  Probe  
  59  4:56  Probe, Immortal  
  65  5:18  Dark Templar x2  
  69  5:26  Immortal  
  69  5:29  Probe x2  
  71  5:42  Pylon  
  75  5:44  Charge  
  75  5:46  Pylon  
  75  5:50  Archon  
  75  5:56  Forge  
  75  5:57  Pylon  
  75  5:58  Immortal  
  75  6:02  Dark Templar x2  
  79  6:05  Stalker  
  79  6:10  Archon  
  85  6:16  Protoss Ground Weapons Level 1  
  85  6:23  Nexus  
  85  6:27  Pylon  
  85  6:35  Immortal  
  89  6:41  Sentry x2  
  89  6:44  Probe x2  
  95  6:56  Probe x2  
  97  7:07  Gateway  
  97  7:08  Gateway  
  97  7:10  Gateway  
  97  7:12  Gateway, Photon Cannon  
  97  7:15  Adept, Shield Battery  
  97  7:17  Observer, Probe x2  
  102  7:30  Sentry  
  102  7:34  Observer  
  102  7:35  Probe x3  
  108  7:46  Probe, Pylon  
  108  7:47  Probe x2, Immortal  
  108  7:48  Pylon  
  108  7:49  Zealot x3  
  117  7:52  Protoss Ground Weapons Level 2  
  117  7:54  Probe  
  122  7:59  Probe  
  122  8:03  Observer  
  123  8:14  Zealot x3  
  123  8:15  Zealot  
  123  8:16  Probe x2  
  123  8:19  Probe, Assimilator x2  
  133  8:20  Observer  
  133  8:21  Immortal  
  133  8:28  Probe, Templar Archives  
  138  8:37  Observer  
  138  8:42  Pylon  
  138  8:46  Pylon  
  138  8:47  Pylon  
  138  8:52  Pylon  
  138  9:00  Sentry  
  138  9:01  Zealot x2  
  138  9:02  Zealot x3  
  145  9:12  Immortal  
  145  9:15  Dark Templar  
  145  9:16  Dark Templar  
  133  9:25  Dark Templar x4  
  127  9:35  Archon  
  119  9:39  Psionic Storm  
  119  9:43  Zealot x2  
  123  9:53  High Templar x2, Photon Cannon  
  123  9:54  Immortal  
  123  9:59  Archon  
  131  10:00  Archon  
  131  10:04  Photon Cannon  
  131  10:09  High Templar  
  133  10:14  Photon Cannon  
  133  10:18  Nexus  
  133  10:21  Immortal, Pylon  
  133  10:24  Pylon  
  129  10:30  High Templar  
  135  10:40  Photon Cannon x2  
  135  10:41  Photon Cannon  
  135  10:43  Photon Cannon, Shield Battery  
  135  10:47  High Templar x2, Zealot x4  
  147  10:51  Archon  
  147  11:02  Zealot  
  147  11:07  Archon  
Show
View Real Time Build Order
Export as new Build Order

TSGSolar Zerg 

Build Orders: Hatch First, Roach Hydra 

Get SALT Encoding   

  12  0:01  Drone  
  13  0:13  Overlord  
  13  0:18  Drone  
  14  0:32  Drone x2  
  16  0:49  Hatchery  
  15  0:52  Drone  
  15  0:56  Drone  
  17  0:59  Drone  
  18  1:07  Extractor  
  17  1:15  Spawning Pool  
  16  1:19  Drone  
  16  1:22  Drone  
  18  1:28  Drone  
  19  1:40  Drone  
  20  1:53  Hatchery  
  19  1:56  Drone  
  20  2:08  Queen  
  22  2:17  Drone  
  22  2:21  Drone  
  24  2:24  Drone  
  24  2:28  Overlord  
  25  2:36  Queen  
  25  2:39  Zergling x2  
  28  2:47  Zergling x2  
  28  2:48  Drone x2  
  31  2:53  Queen  
  31  2:58  Zergling x2  
  34  3:00  Drone  
  35  3:06  Drone x2  
  35  3:07  Drone  
  35  3:11  Overlord  
  38  3:14  Drone  
  38  3:19  Drone x2  
  41  3:21  Drone  
  42  3:29  Drone x2  
  42  3:33  Lair, Drone  
  45  3:38  Drone x2  
  45  3:40  Roach Warren  
  45  3:41  Overlord  
  48  3:48  Drone x4  
  48  3:52  Overlord  
  48  3:55  Extractor  
  49  3:56  Drone  
  49  3:57  Extractor  
  49  3:58  Drone  
  49  3:59  Drone  
  51  4:04  Drone x3  
  51  4:05  Drone  
  51  4:09  Overlord  
  55  4:13  Overlord  
  55  4:18  Drone  
  55  4:21  Roach x2  
  55  4:22  Roach x3  
  66  4:25  Overlord  
  66  4:28  Roach  
  66  4:31  Overseer  
  67  4:32  Roach  
  67  4:35  Overlord, Glial Reconstitution  
  69  4:39  Roach  
  69  4:43  Roach  
  69  4:44  Roach  
  75  4:48  Spore Crawler, Drone  
  75  4:49  Drone x2  
  75  4:51  Roach  
  79  4:55  Overseer  
  79  4:57  Drone x2  
  81  5:03  Roach x2  
  81  5:04  Roach  
  81  5:05  Drone  
  86  5:10  Roach x2  
  90  5:18  Drone x2  
  90  5:20  Drone x2  
  94  5:23  Roach  
  94  5:25  Overlord  
  92  5:36  Roach  
  92  5:37  Roach  
  92  5:39  Overlord  
  92  5:40  Overlord  
  92  5:42  Overlord  
  96  5:44  Roach x3  
  96  5:48  Roach  
  104  5:52  Extractor  
  104  5:53  Overlord  
  104  5:54  Overlord  
  103  5:59  Roach  
  105  6:04  Drone  
  105  6:06  Drone  
  105  6:11  Overlord  
  107  6:13  Hydralisk Den  
  107  6:14  Evolution Chamber  
  107  6:16  Drone x2  
  107  6:17  Drone  
  107  6:18  Drone  
  109  6:19  Drone  
  109  6:21  Overlord  
  109  6:23  Drone x2  
  112  6:26  Drone x3  
  112  6:27  Drone  
  112  6:29  Drone  
  112  6:32  Overlord  
  117  6:33  Extractor  
  117  6:34  Overlord  
  117  6:38  Overlord  
  115  6:40  Zerg Missile Weapons Level 1  
  115  6:42  Grooved Spines  
  115  6:43  Hydralisk  
  115  6:44  Hydralisk  
  119  6:50  Hydralisk x2  
  123  6:57  Metabolic Boost  
  123  6:58  Hydralisk  
  125  7:02  Hydralisk x2  
  125  7:07  Hydralisk  
  125  7:08  Hydralisk  
  133  7:10  Hydralisk  
  133  7:13  Hydralisk  
  137  7:15  Hydralisk  
  137  7:20  Hydralisk  
  137  7:22  Hydralisk  
  143  7:23  Zergling x6  
  143  7:26  Hydralisk  
  147  7:32  Overlord  
  147  7:34  Hydralisk x2  
  151  7:37  Overlord  
  151  7:41  Overlord  
  151  7:45  Hydralisk  
  151  7:47  Hydralisk  
  151  7:51  Hydralisk  
  155  7:54  Muscular Augments, Hydralisk  
  155  7:56  Extractor  
  155  7:57  Overlord  
  158  8:03  Hydralisk x2  
  157  8:14  Drone x2  
  157  8:17  Ravager  
  157  8:18  Ravager  
  161  8:21  Ravager  
  161  8:23  Hydralisk  
  161  8:25  Zergling x20  
  161  8:26  Zergling x6  
  175  8:34  Hydralisk x2  
  175  8:35  Ravager  
  175  8:37  Zergling x2  
  181  8:48  Hydralisk x4  
  183  8:51  Overseer  
  190  8:55  Zergling x4  
  190  8:56  Zergling x12  
  190  9:00  Hydralisk  
  199  9:06  Hydralisk  
  199  9:08  Roach  
  180  9:13  Hydralisk x3  
  171  9:17  Hydralisk x2  
  171  9:18  Hydralisk  
  171  9:24  Hydralisk x2  
  163  9:26  Roach x2  
  163  9:28  Roach  
  163  9:30  Roach  
  137  9:32  Roach  
  137  9:35  Roach  
  115  9:46  Hydralisk  
  115  9:49  Overseer  
  115  9:50  Hydralisk  
  115  9:51  Zergling x2  
  115  9:52  Zergling x2  
  121  9:54  Hatchery  
  121  9:55  Hydralisk  
  121  9:58  Hydralisk  
  124  10:00  Hydralisk  
  124  10:02  Hydralisk  
  124  10:06  Hydralisk  
  130  10:08  Hydralisk  
  130  10:11  Hydralisk  
  134  10:16  Hydralisk, Zergling x2  
  134  10:17  Zergling x4  
  134  10:19  Hydralisk  
  141  10:24  Hydralisk  
  141  10:26  Hydralisk  
  138  10:30  Hydralisk  
  138  10:32  Hydralisk  
  138  10:35  Hydralisk  
  142  10:38  Hydralisk  
  142  10:41  Hydralisk  
  148  10:45  Zergling x4  
  151  10:50  Roach  

Tags
 
Add a new tag
Caveats
  • Supply blocks, unpowered buildings, or Contaminate may cause inaccurate times.
  • Supply counts are checked every 10 seconds.